Map: World of Sleepers LE

Players

souL

  • Race: Terran Terran
  • Spawn Location: 7:00

SortOf - Winner!

  • Race: Zerg Zerg
  • Spawn Location: 1:00

VOD

Have the link to the VOD?

Description

Time

  • Played on: Sept. 6, 2019, 4:07 p.m.
  • Length: 12:41
Show
View Real Time Build Order
Export as new Build Order

souL Terran 

Build Orders: Reaper Expand, Mech 

Get SALT Encoding   

  12  0:01  SCV  
  13  0:13  SCV  
  14  0:17  Supply Depot  
  14  0:25  SCV  
  15  0:38  SCV  
  15  0:40  Barracks  
  16  0:44  Refinery  
  16  0:51  SCV  
  17  1:03  SCV  
  18  1:15  SCV  
  19  1:27  Reaper  
  19  1:28  Orbital Command  
  20  1:41  Command Center  
  20  1:52  Supply Depot  
  20  1:53  SCV  
  21  1:59  Marine  
  22  2:06  Factory  
  22  2:08  SCV  
  22  2:12  Refinery  
  23  2:20  SCV  
  23  2:22  Barracks Reactor  
  24  2:32  SCV  
  25  2:45  SCV  
  26  2:52  Starport  
  26  2:55  Orbital Command  
  26  2:57  SCV  
  27  3:02  Hellion x2  
  31  3:08  Marine  
  31  3:09  SCV  
  33  3:21  SCV  
  33  3:24  SCV, Hellion x2  
  39  3:29  Fusion Core  
  39  3:33  Viking  
  41  3:34  Barracks Tech Lab  
  41  3:37  SCV  
  41  3:39  SCV  
  43  3:43  Supply Depot  
  43  3:49  SCV, Hellion  
  46  4:04  Marine  
  46  4:05  SCV x2, Hellion  
  51  4:17  SCV x2  
  51  4:18  Supply Depot  
  51  4:19  Supply Depot  
  53  4:29  SCV  
  54  4:39  SCV  
  54  4:40  Battlecruiser  
  54  4:41  SCV  
  62  4:48  Command Center  
  62  4:49  Supply Depot  
  62  4:52  SCV  
  63  4:54  SCV  
  63  4:59  Weapon Refit  
  64  5:04  SCV, Refinery x2  
  64  5:06  SCV  
  66  5:16  SCV, Supply Depot  
  66  5:18  SCV  
  68  5:24  Supply Depot  
  68  5:25  Hellion x2  
  68  5:28  SCV  
  73  5:31  SCV  
  73  5:40  SCV  
  74  5:43  SCV  
  74  5:44  Battlecruiser  
  81  5:52  SCV  
  81  5:53  Hellion  
  81  5:55  SCV, Hellion  
  87  6:04  SCV, Orbital Command  
  87  6:07  SCV  
  87  6:11  Factory x2  
  89  6:14  Hellion  
  89  6:16  SCV  
  92  6:19  SCV  
  93  6:26  Hellion  
  93  6:28  SCV, Orbital Command  
  93  6:30  Refinery  
  93  6:31  SCV  
  97  6:35  Hellion, Refinery  
  99  6:40  SCV  
  99  6:43  SCV  
  97  6:48  Hellion  
  97  6:53  SCV, Battlecruiser  
  90  6:55  SCV, Supply Depot  
  90  6:56  SCV  
  90  6:57  Hellion  
  94  7:04  Factory Tech Lab x2  
  94  7:05  SCV  
  94  7:07  SCV, Supply Depot  
  94  7:08  SCV  
  97  7:13  Hellion  
  99  7:17  SCV  
  99  7:19  SCV  
  99  7:20  SCV  
  102  7:26  Siege Tank x2  
  102  7:29  SCV  
  109  7:30  Armory  
  109  7:32  SCV x2, Armory  
  109  7:36  Hellion  
  110  7:38  Hellion  
  107  7:55  SCV x3  
  107  7:56  Command Center  
  107  7:57  Hellion  
  107  7:58  Siege Tank, Hellion  
  117  8:06  Battlecruiser  
  117  8:07  SCV x2  
  125  8:16  Supply Depot  
  125  8:18  SCV, Supply Depot  
  126  8:25  SCV  
  126  8:26  Siege Tank, Hellion  
  132  8:29  Engineering Bay  
  132  8:30  SCV  
  133  8:35  Terran Vehicle Weapons Level 1  
  133  8:40  Supply Depot  
  133  8:42  SCV, Supply Depot  
  133  8:44  Terran Vehicle And Ship Armor Level 1  
  133  8:45  Mag-Field Accelerator  
  133  8:46  Infernal Pre-Igniter  
  133  8:48  Cyclone  
  137  8:50  SCV  
  138  8:55  Factory  
  138  8:56  Factory  
  138  9:01  Missile Turret  
  138  9:05  SCV, Missile Turret  
  138  9:06  SCV  
  138  9:08  Unknown, Supply Depot  
  140  9:10  Supply Depot  
  140  9:13  SCV  
  140  9:15  Siege Tank  
  140  9:16  Hellion  
  146  9:17  SCV  
  146  9:23  Siege Tank  
  148  9:26  Missile Turret  
  148  9:29  SCV  
  139  9:31  Hellion  
  139  9:32  SCV  
  139  9:35  SCV  
  129  9:41  Hellion, Hellbat  
  129  9:45  Hellion  
  118  9:47  Siege Tank  
  103  9:54  Hellion  
  103  9:55  Siege Tank  
  103  10:03  Hellion x2  
  103  10:06  Hellion  
  103  10:07  SCV  
  100  10:11  SCV  
  100  10:12  Supply Depot x2  
  84  10:14  SCV  
  84  10:20  Siege Tank  
  76  10:22  Orbital Command  
  76  10:24  Hellion  
  39  10:36  Factory Tech Lab x2  
  24  11:11  Orbital Command  
Show
View Real Time Build Order
Export as new Build Order

SortOf Zerg - Winner!

Build Orders: Hatch First 

Get SALT Encoding   

  12  0:00  Drone  
  13  0:12  Overlord  
  13  0:16  Drone  
  14  0:31  Drone x2  
  16  0:48  Hatchery  
  15  0:51  Drone  
  15  0:54  Drone  
  17  1:01  Drone  
  18  1:08  Extractor  
  17  1:14  Spawning Pool  
  17  1:16  Drone  
  17  1:19  Drone  
  18  1:28  Drone  
  19  1:38  Drone  
  20  1:49  Overlord  
  20  2:02  Queen  
  20  2:03  Queen  
  20  2:04  Zergling x4  
  26  2:11  Drone x2  
  28  2:22  Hatchery  
  27  2:27  Drone  
  27  2:29  Drone  
  29  2:33  Metabolic Boost  
  30  2:37  Drone  
  30  2:49  Drone  
  30  2:50  Overlord  
  31  2:52  Pneumatized Carapace  
  31  2:55  Drone x2  
  31  2:58  Drone  
  34  3:02  Queen  
  36  3:11  Drone x2  
  38  3:23  Overlord  
  38  3:27  Drone x4  
  38  3:28  Drone  
  38  3:34  Queen  
  43  3:38  Queen  
  43  3:39  Drone  
  48  3:42  Zergling x4  
  50  3:49  Zergling x2  
  50  3:50  Zergling x2  
  50  3:51  Overlord  
  50  3:52  Drone  
  50  3:54  Drone  
  50  3:55  Drone x2  
  56  4:01  Drone  
  56  4:02  Lair  
  57  4:12  Zergling x6  
  57  4:13  Overlord, Zergling x2  
  57  4:16  Drone x2  
  63  4:19  Overlord  
  63  4:24  Overlord  
  63  4:31  Queen  
  63  4:40  Zergling x14  
  63  4:42  Queen  
  63  4:45  Drone x4  
  73  4:48  Drone  
  73  4:52  Roach Warren, Drone x3  
  76  4:56  Spore Crawler  
  76  4:59  Overlord  
  75  5:00  Drone x3  
  75  5:03  Drone  
  75  5:06  Drone x2  
  81  5:12  Extractor  
  81  5:13  Queen, Extractor  
  81  5:20  Drone x6  
  86  5:23  Evolution Chamber x2  
  86  5:25  Drone  
  85  5:31  Drone x4  
  89  5:38  Glial Reconstitution  
  89  5:41  Overlord, Extractor  
  89  5:42  Overlord, Extractor  
  87  5:46  Overlord  
  87  5:51  Spore Crawler x2, Drone x4  
  87  5:57  Zerg Ground Armor Level 1, Zerg Missile Weapons Level 1  
  85  6:00  Drone x4  
  86  6:09  Drone x3  
  86  6:10  Drone x6  
  93  6:16  Extractor  
  92  6:22  Drone x5  
  92  6:24  Overlord  
  97  6:27  Spire  
  97  6:29  Spore Crawler  
  97  6:31  Queen  
  97  6:32  Queen  
  97  6:37  Roach x3  
  103  6:43  Roach x2  
  103  6:44  Roach x2  
  103  6:46  Drone x2  
  107  6:47  Drone  
  107  6:49  Drone  
  107  6:50  Drone  
  97  6:57  Drone x5  
  97  6:58  Drone  
  103  7:06  Drone x2  
  105  7:15  Drone  
  101  7:27  Hatchery  
  92  7:43  Corruptor x8  
  104  7:49  Corruptor  
  106  7:51  Overlord  
  106  7:52  Overlord  
  106  8:00  Roach x5  
  106  8:02  Overlord  
  106  8:04  Overseer  
  116  8:09  Overlord  
  122  8:12  Roach  
  122  8:13  Roach x2  
  122  8:14  Overseer  
  122  8:16  Overlord  
  128  8:20  Roach x3  
  128  8:25  Roach x3  
  134  8:30  Roach  
  134  8:31  Roach x3  
  142  8:36  Overlord  
  142  8:40  Roach x3  
  142  8:41  Roach  
  150  8:47  Zergling x10  
  155  8:54  Zergling x4  
  155  8:55  Ravager x2, Zergling x8  
  163  8:56  Ravager x2  
  163  8:57  Ravager  
  163  8:58  Ravager  
  163  8:59  Ravager  
  168  9:07  Overlord  
  168  9:09  Overlord  
  168  9:13  Overlord  
  167  9:24  Zergling x2  
  161  9:33  Zergling x36  
  169  9:41  Corruptor x2, Drone  
  169  9:42  Drone  
  169  9:44  Corruptor x2  
  171  9:47  Zergling x4  
  171  9:52  Corruptor  
  170  9:57  Zergling x6  
  175  10:06  Queen  
  164  10:14  Spire  
  164  10:16  Zergling x4  
  152  10:21  Spore Crawler  
  152  10:22  Spore Crawler  
  152  10:23  Queen  
  140  10:44  Spore Crawler  
  137  10:57  Queen  
  137  11:02  Hatchery  
  128  11:25  Overlord  
  128  11:26  Corruptor  
  128  11:27  Corruptor x5  
  128  11:31  Queen, Unknown  
  141  11:37  Corruptor  
  143  11:50  Corruptor  
  141  11:58  Corruptor  
  140  12:02  Queen  
  144  12:11  Corruptor  
Tags
 
Add a new tag
Caveats
  • Supply blocks, unpowered buildings, or Contaminate may cause inaccurate times.
  • Supply counts are checked every 10 seconds.